3086 views
Uploaded 2019-12-30 00:56:43
Game version 1.32.0.4
34:33 long 3on3 ladder game on (8)Battleground_LV
Saved by BEARAND
3086 views
Uploaded 2019-12-30 00:56:43
Game version 1.32.0.4
34:33 long 3on3 ladder game on (8)Battleground_LV


108 units @ 13.5k
/ 1.9k
310 buildings @ 20.7k
/ 12.5k
BEARAND
(34:30) : 


| Staff of Sanctuary | 3 | 750 |
| Boots of Speed | 3 | 750 |
| Staff of Teleportation | 3 | 450 |
| Periapt of Vitality | 1 | 325 |
| Healing Salve | 2 | 200 |
| Orb of Lightning | 1 | 375 |
| total: | 13 | 2850g |
| Peasant | 27 | 2025 | / | 0 |
| Priest | 1 | 135 | / | 10 |
| Dragonhawk Rider | 2 | 400 | / | 60 |
| total: | 30 | 2560g | / | 70w |
| Scout Tower | 173 | 5190 | / | 3460 |
| Arcane Tower | 4 | 280 | / | 200 |
| Guard Tower | 53 | 3710 | / | 2650 |
| Altar of Kings | 1 | 180 | / | 50 |
| Farm | 5 | 400 | / | 100 |
| Lumber Mill | 1 | 120 | / | 0 |
| Town Hall | 2 | 770 | / | 410 |
| Arcane Vault | 2 | 260 | / | 60 |
| Blacksmith | 1 | 140 | / | 60 |
| Barracks | 1 | 160 | / | 60 |
| Gryphon Aviary | 1 | 140 | / | 150 |
| Arcane Sanctum | 1 | 150 | / | 140 |
| Keep | 1 | 320 | / | 210 |
| Castle | 1 | 360 | / | 210 |
| total: | 188 | 7510g | / | 4490w |
| 0:02 | Peasant |
| 0:02 | Peasant |
| 0:10 | Altar of Kings |
| 0:19 | Farm |
| 0:25 | Farm |
| 0:27 | Scout Tower |
| 0:32 | Peasant |
| 0:33 | Peasant |
| 0:35 | Peasant |
| 0:51 | Peasant |
| 1:07 | Lumber Mill |
| 1:13 | Peasant |
| 1:19 | Peasant |
| 1:36 | Scout Tower |
| 1:38 | Scout Tower |
| 1:39 | Arcane Tower |
| 1:43 | Peasant |
| 1:47 | Scout Tower |
| 1:57 | Peasant |
| 2:03 | Peasant |
| 2:12 | Blizzard |
| 2:15 | Guard Tower |
| 2:44 | Guard Tower |
| 2:45 | Scout Tower |
| 2:45 | Scout Tower |
| 2:46 | Peasant |
| 2:46 | Peasant |
| 2:46 | Peasant |
| 2:46 | Peasant |
| 3:21 | Improved Masonry |
| 3:21 | Guard Tower |
| 4:05 | Brilliance Aura |
| 4:14 | Town Hall |
| 4:30 | Scout Tower |
| 4:30 | Scout Tower |
| 4:31 | Scout Tower |
| 4:31 | Scout Tower |
| 4:32 | Scout Tower |
| 4:32 | Scout Tower |
| 4:33 | Scout Tower |
| 4:33 | Scout Tower |
| 4:34 | Scout Tower |
| 5:25 | Guard Tower |
| 5:52 | Guard Tower |
| 5:58 | Scout Tower |
| 5:59 | Scout Tower |
| 5:59 | Scout Tower |
| 6:00 | Guard Tower |
| 6:02 | Keep |
| 6:03 | Healing Salve |
| 6:22 | Guard Tower |
| 6:24 | Peasant |
| 6:24 | Peasant |
| 6:24 | Peasant |
| 6:24 | Peasant |
| 6:25 | Peasant |
| 6:45 | Farm |
| 6:47 | Scout Tower |
| 6:47 | Scout Tower |
| 6:48 | Scout Tower |
| 6:48 | Scout Tower |
| 6:50 | Scout Tower |
| 7:07 | Boots of Speed |
| 7:07 | Staff of Teleportation |
| 7:12 | Guard Tower |
| 7:18 | Guard Tower |
| 7:39 | Guard Tower |
| 7:40 | Scout Tower |
| 7:40 | Scout Tower |
| 7:41 | Scout Tower |
| 7:41 | Scout Tower |
| 8:01 | Scout Tower |
| 8:12 | Guard Tower |
| 8:32 | Castle |
| 8:34 | Improved Lumber Harvesting |
| 8:34 | Advanced Masonry |
| 8:35 | Guard Tower |
| 8:39 | Peasant |
| 8:39 | Peasant |
| 8:54 | Scout Tower |
| 8:54 | Scout Tower |
| 8:55 | Scout Tower |
| 8:55 | Scout Tower |
| 9:01 | Guard Tower |
| 9:06 | Guard Tower |
| 9:15 | Guard Tower |
| 9:29 | Storm Bolt |
| 9:52 | Boots of Speed |
| 10:34 | Blizzard |
| 11:19 | Guard Tower |
| 11:20 | Guard Tower |
| 11:21 | Scout Tower |
| 11:29 | Scout Tower |
| 11:30 | Scout Tower |
| 11:30 | Scout Tower |
| 11:31 | Scout Tower |
| 11:31 | Scout Tower |
| 11:34 | Scout Tower |
| 11:35 | Scout Tower |
| 11:36 | Scout Tower |
| 11:36 | Scout Tower |
| 11:37 | Scout Tower |
| 11:37 | Scout Tower |
| 11:38 | Scout Tower |
| 11:38 | Scout Tower |
| 11:40 | Imbued Masonry |
| 11:40 | Advanced Lumber Harvesting |
| 11:46 | Arcane Vault |
| 11:47 | Arcane Vault |
| 11:51 | Scout Tower |
| 11:51 | Scout Tower |
| 11:52 | Scout Tower |
| 11:52 | Scout Tower |
| 11:53 | Gryphon Aviary |
| 11:59 | Boots of Speed |
| 11:59 | Staff of Teleportation |
| 12:04 | Periapt of Vitality |
| 12:07 | Guard Tower |
| 12:11 | Arcane Sanctum |
| 12:14 | Holy Light |
| 12:16 | Healing Salve |
| 12:19 | Guard Tower |
| 12:52 | Guard Tower |
| 12:53 | Guard Tower |
| 12:56 | Staff of Sanctuary |
| 13:06 | Arcane Tower |
| 13:07 | Guard Tower |
| 13:21 | Staff of Sanctuary |
| 13:29 | Magic Sentry |
| 13:29 | Priest |
| 13:58 | Guard Tower |
| 14:28 | Guard Tower |
| 14:37 | Guard Tower |
| 14:53 | Farm |
| 14:53 | Farm |
| 15:08 | Scout Tower |
| 15:08 | Scout Tower |
| 15:08 | Scout Tower |
| 15:09 | Scout Tower |
| 15:09 | Scout Tower |
| 15:10 | Scout Tower |
| 15:10 | Scout Tower |
| 15:12 | Scout Tower |
| 15:12 | Scout Tower |
| 15:27 | Scout Tower |
| 15:28 | Scout Tower |
| 15:28 | Scout Tower |
| 15:28 | Scout Tower |
| 15:29 | Scout Tower |
| 15:29 | Scout Tower |
| 15:42 | Guard Tower |
| 15:43 | Bash |
| 15:47 | Blacksmith |
| 15:48 | Barracks |
| 16:06 | Guard Tower |
| 16:08 | Guard Tower |
| 16:11 | Town Hall |
| 16:25 | Staff of Teleportation |
| 16:44 | Staff of Sanctuary |
| 16:54 | Guard Tower |
| 17:31 | Guard Tower |
| 17:32 | Scout Tower |
| 17:33 | Scout Tower |
| 17:33 | Scout Tower |
| 17:34 | Scout Tower |
| 17:34 | Scout Tower |
| 17:34 | Scout Tower |
| 17:35 | Scout Tower |
| 17:35 | Scout Tower |
| 17:35 | Scout Tower |
| 18:33 | Guard Tower |
| 18:44 | Divine Shield |
| 19:55 | Peasant |
| 19:55 | Peasant |
| 19:55 | Peasant |
| 19:56 | Peasant |
| 20:01 | Brilliance Aura |
| 20:12 | Orb of Lightning |
| 20:33 | Scout Tower |
| 20:33 | Scout Tower |
| 20:34 | Scout Tower |
| 20:35 | Scout Tower |
| 20:35 | Scout Tower |
| 20:36 | Scout Tower |
| 20:36 | Scout Tower |
| 20:41 | Arcane Tower |
| 20:42 | Guard Tower |
| 20:42 | Arcane Tower |
| 20:43 | Guard Tower |
| 20:58 | Studded Leather Armor |
| 20:59 | Animal War Training |
| 21:00 | Dragonhawk Rider |
| 22:09 | Scout Tower |
| 22:09 | Scout Tower |
| 22:10 | Scout Tower |
| 22:10 | Scout Tower |
| 22:11 | Scout Tower |
| 22:11 | Scout Tower |
| 22:14 | Guard Tower |
| 23:11 | Storm Bolt |
| 23:46 | Guard Tower |
| 23:52 | Scout Tower |
| 23:52 | Scout Tower |
| 23:53 | Scout Tower |
| 23:54 | Scout Tower |
| 23:54 | Scout Tower |
| 23:54 | Scout Tower |
| 23:55 | Scout Tower |
| 23:55 | Scout Tower |
| 23:56 | Scout Tower |
| 23:56 | Scout Tower |
| 23:56 | Scout Tower |
| 23:56 | Scout Tower |
| 24:14 | Holy Light |
| 26:25 | Scout Tower |
| 26:31 | Scout Tower |
| 26:31 | Scout Tower |
| 26:38 | Guard Tower |
| 26:40 | Scout Tower |
| 26:41 | Scout Tower |
| 26:41 | Scout Tower |
| 26:42 | Scout Tower |
| 26:42 | Scout Tower |
| 26:54 | Peasant |
| 26:57 | Scout Tower |
| 26:57 | Scout Tower |
| 26:58 | Scout Tower |
| 26:58 | Scout Tower |
| 26:58 | Scout Tower |
| 26:59 | Scout Tower |
| 26:59 | Scout Tower |
| 26:59 | Scout Tower |
| 27:00 | Scout Tower |
| 27:00 | Scout Tower |
| 27:01 | Scout Tower |
| 27:02 | Scout Tower |
| 27:02 | Scout Tower |
| 27:02 | Scout Tower |
| 27:04 | Scout Tower |
| 27:04 | Scout Tower |
| 27:04 | Scout Tower |
| 27:05 | Scout Tower |
| 27:06 | Scout Tower |
| 27:10 | Dragonhawk Rider |
| 27:10 | Cloud |
| 27:11 | Reinforced Leather Armor |
| 27:16 | Guard Tower |
| 27:20 | Scout Tower |
| 27:21 | Scout Tower |
| 27:21 | Scout Tower |
| 27:22 | Scout Tower |
| 27:22 | Scout Tower |
| 27:31 | Guard Tower |
| 27:38 | Scout Tower |
| 27:38 | Scout Tower |
| 27:38 | Scout Tower |
| 27:39 | Scout Tower |
| 27:51 | Guard Tower |
| 28:50 | Guard Tower |
| 28:53 | Guard Tower |
| 29:35 | Guard Tower |
| 29:36 | Guard Tower |
| 29:38 | Guard Tower |
| 29:48 | Guard Tower |
| 29:49 | Scout Tower |
| 29:50 | Scout Tower |
| 29:50 | Scout Tower |
| 29:50 | Scout Tower |
| 29:53 | Guard Tower |
| 30:05 | Guard Tower |
| 30:19 | Guard Tower |
| 30:34 | Guard Tower |
| 30:35 | Scout Tower |
| 30:35 | Scout Tower |
| 30:36 | Scout Tower |
| 30:37 | Scout Tower |
| 30:37 | Scout Tower |
| 30:41 | Scout Tower |
| 31:22 | Guard Tower |
| 31:24 | Scout Tower |
| 31:24 | Scout Tower |
| 31:38 | Brilliance Aura |
| 31:39 | Bash |
| 32:12 | Guard Tower |
| 32:27 | Divine Shield |
| 33:22 | Scout Tower |
| 33:22 | Scout Tower |
| 33:23 | Scout Tower |
| 33:23 | Scout Tower |
| 33:24 | Scout Tower |
| 33:25 | Scout Tower |
| 33:25 | Scout Tower |
| 33:26 | Scout Tower |
| 33:27 | Scout Tower |
| 33:27 | Scout Tower |
| 33:27 | Scout Tower |
| 33:28 | Scout Tower |
| 33:54 | Scout Tower |
| 33:55 | Scout Tower |
| 33:55 | Scout Tower |
| 33:56 | Scout Tower |
| 33:56 | Scout Tower |
| 33:56 | Scout Tower |
| 33:57 | Scout Tower |
| 33:57 | Scout Tower |
| 33:57 | Scout Tower |
| 33:58 | Scout Tower |
| 33:58 | Scout Tower |
| 33:58 | Scout Tower |
| 33:59 | Scout Tower |
| 33:59 | Scout Tower |
| Right click | 3206 |
| Select | 964 |
| Select group | 504 |
| Build/train/purchase | 214 |
| Use ability | 141 |
| Resource trade | 87 |
| Minimap ping | 37 |
| Assign group | 14 |
| Item give/drop | 8 |
| Chat | 7 |
| Misc. action | 3 |
| Remove unit | 1 |


| Healing Salve | 5 | 500 |
| Orb of Lightning | 2 | 750 |
| Boots of Speed | 2 | 500 |
| Staff of Teleportation | 2 | 300 |
| Staff of Sanctuary | 1 | 250 |
| total: | 12 | 2300g |
| Peon | 29 | 2175 | / | 0 |
| Troll Batrider | 9 | 1440 | / | 360 |
| total: | 38 | 3615g | / | 360w |
| Watch Tower | 59 | 6490 | / | 4720 |
| Altar of Storms | 1 | 180 | / | 50 |
| Orc Burrow | 5 | 800 | / | 200 |
| War Mill | 1 | 205 | / | 0 |
| Voodoo Lounge | 2 | 260 | / | 60 |
| Great Hall | 4 | 1540 | / | 740 |
| Beastiary | 4 | 580 | / | 560 |
| Stronghold | 1 | 315 | / | 190 |
| Fortress | 1 | 325 | / | 190 |
| total: | 76 | 10055g | / | 6330w |
| 0:04 | Peon |
| 0:04 | Peon |
| 0:07 | Altar of Storms |
| 0:20 | Orc Burrow |
| 0:26 | Peon |
| 0:38 | Peon |
| 0:50 | War Mill |
| 0:53 | Peon |
| 1:05 | Voodoo Lounge |
| 1:13 | Peon |
| 1:28 | Peon |
| 1:49 | Orc Burrow |
| 1:50 | Peon |
| 2:06 | Watch Tower |
| 2:09 | Shockwave |
| 2:16 | Healing Salve |
| 2:25 | Peon |
| 2:28 | Watch Tower |
| 2:51 | Peon |
| 2:51 | Peon |
| 2:55 | Watch Tower |
| 3:10 | Peon |
| 3:11 | Peon |
| 3:17 | Watch Tower |
| 4:25 | Stronghold |
| 4:28 | Watch Tower |
| 4:31 | Watch Tower |
| 4:33 | Watch Tower |
| 4:40 | Boots of Speed |
| 4:42 | Staff of Teleportation |
| 5:33 | Endurance Aura |
| 5:51 | Orc Burrow |
| 5:54 | Watch Tower |
| 5:58 | Watch Tower |
| 6:00 | Healing Salve |
| 6:55 | Great Hall |
| 7:09 | Peon |
| 7:10 | Peon |
| 7:13 | Voodoo Lounge |
| 7:20 | Watch Tower |
| 7:31 | Watch Tower |
| 7:47 | Hex |
| 7:52 | Watch Tower |
| 7:54 | Peon |
| 7:54 | Peon |
| 7:54 | Peon |
| 7:59 | Beastiary |
| 8:13 | Beastiary |
| 8:33 | Watch Tower |
| 8:34 | Reinforced Defenses |
| 8:34 | Spiked Barricades |
| 8:43 | Watch Tower |
| 8:45 | Watch Tower |
| 8:58 | Watch Tower |
| 9:14 | Watch Tower |
| 9:31 | Boots of Speed |
| 9:46 | Staff of Teleportation |
| 10:12 | Watch Tower |
| 10:14 | Watch Tower |
| 11:12 | Shockwave |
| 11:16 | Watch Tower |
| 11:18 | Watch Tower |
| 11:23 | Fortress |
| 11:25 | Healing Salve |
| 11:33 | Watch Tower |
| 11:35 | Watch Tower |
| 12:11 | Watch Tower |
| 12:20 | Watch Tower |
| 12:39 | Watch Tower |
| 13:14 | Watch Tower |
| 13:16 | Watch Tower |
| 13:32 | Watch Tower |
| 14:05 | Watch Tower |
| 14:13 | Healing Salve |
| 14:35 | Peon |
| 14:35 | Peon |
| 14:41 | Orb of Lightning |
| 15:07 | Liquid Fire |
| 15:09 | Troll Batrider |
| 15:12 | Orc Burrow |
| 15:39 | Healing Wave |
| 15:45 | Great Hall |
| 16:01 | Beastiary |
| 16:04 | Beastiary |
| 16:31 | Watch Tower |
| 16:33 | Watch Tower |
| 16:35 | Watch Tower |
| 16:36 | Watch Tower |
| 18:17 | Orb of Lightning |
| 18:28 | Troll Batrider |
| 18:33 | Steel Ranged Weapons |
| 18:48 | Troll Batrider |
| 18:50 | Watch Tower |
| 18:52 | Watch Tower |
| 19:21 | Watch Tower |
| 19:24 | Watch Tower |
| 19:25 | Watch Tower |
| 19:52 | Peon |
| 19:52 | Peon |
| 19:52 | Peon |
| 19:52 | Peon |
| 19:55 | Watch Tower |
| 19:56 | Watch Tower |
| 19:58 | Watch Tower |
| 20:00 | Watch Tower |
| 20:03 | Watch Tower |
| 20:07 | Watch Tower |
| 20:09 | Peon |
| 20:09 | Peon |
| 20:10 | Peon |
| 20:10 | Peon |
| 20:20 | Healing Salve |
| 20:39 | Watch Tower |
| 20:40 | Watch Tower |
| 20:53 | Watch Tower |
| 20:57 | Watch Tower |
| 21:00 | Watch Tower |
| 21:03 | Watch Tower |
| 21:06 | Watch Tower |
| 21:09 | Watch Tower |
| 21:40 | Watch Tower |
| 21:43 | Watch Tower |
| 21:47 | Watch Tower |
| 21:49 | Watch Tower |
| 22:03 | Watch Tower |
| 22:07 | Watch Tower |
| 22:31 | Orc Burrow |
| 23:13 | Healing Wave |
| 23:15 | Troll Batrider |
| 23:35 | Endurance Aura |
| 23:54 | Troll Batrider |
| 25:22 | Staff of Sanctuary |
| 26:29 | Troll Batrider |
| 26:33 | Peon |
| 26:53 | Hex |
| 27:01 | Great Hall |
| 27:41 | Troll Batrider |
| 27:54 | Thorium Ranged Weapons |
| 27:54 | Improved Spiked Barricades |
| 27:55 | Steel Armor |
| 28:12 | Shockwave |
| 29:13 | Troll Batrider |
| 29:13 | Troll Batrider |
| 29:55 | Arcanite Ranged Weapons |
| 33:50 | Healing Wave |
| 34:26 | Great Hall |
| Right click | 2853 |
| Select group | 651 |
| Select | 567 |
| Use ability | 137 |
| Build/train/purchase | 80 |
| Misc. action | 77 |
| Assign group | 13 |
| Item give/drop | 5 |
| Minimap ping | 4 |
| Remove unit | 3 |
| Esc | 1 |


| Staff of Sanctuary | 1 | 250 |
| total: | 1 | 250g |
| Peasant | 19 | 1425 | / | 0 |
| Gryphon Rider | 21 | 5880 | / | 1470 |
| total: | 40 | 7305g | / | 1470w |
| Scout Tower | 31 | 930 | / | 620 |
| Guard Tower | 21 | 1470 | / | 1050 |
| Altar of Kings | 1 | 180 | / | 50 |
| Farm | 7 | 560 | / | 140 |
| Lumber Mill | 1 | 120 | / | 0 |
| Town Hall | 2 | 770 | / | 410 |
| Barracks | 1 | 160 | / | 60 |
| Blacksmith | 1 | 140 | / | 60 |
| Gryphon Aviary | 2 | 280 | / | 300 |
| Keep | 1 | 320 | / | 210 |
| Castle | 1 | 360 | / | 210 |
| total: | 46 | 3140g | / | 1640w |
| 0:02 | Peasant |
| 0:03 | Peasant |
| 0:03 | Peasant |
| 0:03 | Peasant |
| 0:10 | Altar of Kings |
| 0:25 | Farm |
| 0:48 | Lumber Mill |
| 1:10 | Scout Tower |
| 1:42 | Scout Tower |
| 1:54 | Guard Tower |
| 2:13 | Blizzard |
| 2:37 | Scout Tower |
| 2:37 | Guard Tower |
| 2:48 | Keep |
| 3:12 | Scout Tower |
| 3:24 | Guard Tower |
| 4:58 | Guard Tower |
| 5:43 | Town Hall |
| 5:47 | Brilliance Aura |
| 5:55 | Scout Tower |
| 6:31 | Scout Tower |
| 6:32 | Guard Tower |
| 6:43 | Improved Lumber Harvesting |
| 6:57 | Farm |
| 7:02 | Scout Tower |
| 7:03 | Guard Tower |
| 7:04 | Peasant |
| 7:04 | Peasant |
| 7:04 | Peasant |
| 7:04 | Peasant |
| 7:05 | Peasant |
| 7:38 | Farm |
| 7:40 | Scout Tower |
| 8:12 | Scout Tower |
| 8:13 | Guard Tower |
| 8:16 | Guard Tower |
| 8:26 | Farm |
| 8:40 | Barracks |
| 8:49 | Gryphon Aviary |
| 8:54 | Peasant |
| 8:54 | Peasant |
| 8:54 | Peasant |
| 9:00 | Flame Strike |
| 9:07 | Farm |
| 9:14 | Scout Tower |
| 9:15 | Peasant |
| 9:15 | Peasant |
| 9:15 | Peasant |
| 9:42 | Scout Tower |
| 9:42 | Guard Tower |
| 11:22 | Scout Tower |
| 12:06 | Castle |
| 12:17 | Blacksmith |
| 13:37 | Iron Forged Swords |
| 13:37 | Studded Leather Armor |
| 13:58 | Scout Tower |
| 14:00 | Scout Tower |
| 14:02 | Scout Tower |
| 14:31 | Guard Tower |
| 14:34 | Scout Tower |
| 14:40 | Scout Tower |
| 15:04 | Guard Tower |
| 15:07 | Scout Tower |
| 15:13 | Storm Hammers |
| 15:15 | Animal War Training |
| 15:20 | Gryphon Rider |
| 15:21 | Gryphon Rider |
| 15:21 | Gryphon Rider |
| 15:21 | Gryphon Rider |
| 15:41 | Scout Tower |
| 15:46 | Guard Tower |
| 16:16 | Scout Tower |
| 16:18 | Scout Tower |
| 16:39 | Staff of Sanctuary |
| 17:04 | Guard Tower |
| 17:06 | Scout Tower |
| 17:09 | Guard Tower |
| 17:35 | Gryphon Rider |
| 17:35 | Gryphon Rider |
| 17:35 | Gryphon Rider |
| 18:20 | Reinforced Leather Armor |
| 18:20 | Steel Forged Swords |
| 19:03 | Farm |
| 19:19 | Farm |
| 19:59 | Blizzard |
| 20:25 | Scout Tower |
| 20:55 | Gryphon Rider |
| 21:01 | Mithril Forged Swords |
| 21:02 | Dragonhide Armor |
| 21:20 | Town Hall |
| 21:50 | Scout Tower |
| 21:51 | Guard Tower |
| 22:19 | Peasant |
| 22:19 | Peasant |
| 22:19 | Peasant |
| 22:19 | Peasant |
| 22:38 | Scout Tower |
| 23:14 | Gryphon Rider |
| 23:15 | Gryphon Rider |
| 23:25 | Scout Tower |
| 23:26 | Guard Tower |
| 23:59 | Guard Tower |
| 24:51 | Scout Tower |
| 25:01 | Advanced Lumber Harvesting |
| 26:24 | Banish |
| 27:59 | Gryphon Rider |
| 28:00 | Gryphon Rider |
| 28:23 | Guard Tower |
| 28:30 | Gryphon Rider |
| 28:30 | Gryphon Rider |
| 28:30 | Gryphon Rider |
| 28:44 | Scout Tower |
| 29:21 | Scout Tower |
| 29:29 | Gryphon Rider |
| 29:29 | Gryphon Rider |
| 29:36 | Gryphon Aviary |
| 29:53 | Guard Tower |
| 30:56 | Gryphon Rider |
| 30:56 | Gryphon Rider |
| 30:56 | Gryphon Rider |
| 31:00 | Gryphon Rider |
| 31:49 | Scout Tower |
| 32:15 | Scout Tower |
| 32:48 | Guard Tower |
| 34:29 | Guard Tower |
| Right click | 857 |
| Select | 390 |
| Select group | 295 |
| Build/train/purchase | 81 |
| Use ability | 35 |
| Assign group | 17 |
| Remove unit | 8 |
| Minimap ping | 3 |
216 units @ 34.4k
/ 5.4k
79 buildings @ 10.7k
/ 4.1k


| Potion of Healing | 1 | 150 |
| total: | 1 | 150g |
| Peasant | 18 | 1350 | / | 0 |
| Footman | 6 | 810 | / | 0 |
| Rifleman | 16 | 3280 | / | 480 |
| Priest | 12 | 1620 | / | 120 |
| Spell Breaker | 2 | 430 | / | 60 |
| Knight | 9 | 2205 | / | 540 |
| Gryphon Rider | 11 | 3080 | / | 770 |
| total: | 74 | 12775g | / | 1970w |
| Scout Tower | 14 | 420 | / | 280 |
| Arcane Tower | 2 | 140 | / | 100 |
| Altar of Kings | 1 | 180 | / | 50 |
| Farm | 10 | 800 | / | 200 |
| Barracks | 1 | 160 | / | 60 |
| Blacksmith | 1 | 140 | / | 60 |
| Lumber Mill | 2 | 240 | / | 0 |
| Town Hall | 2 | 770 | / | 410 |
| Arcane Vault | 1 | 130 | / | 30 |
| Arcane Sanctum | 1 | 150 | / | 140 |
| Gryphon Aviary | 2 | 280 | / | 300 |
| Keep | 3 | 960 | / | 630 |
| Castle | 1 | 360 | / | 210 |
| total: | 35 | 3270g | / | 1530w |
| 0:16 | Peasant |
| 0:20 | Altar of Kings |
| 0:25 | Farm |
| 0:27 | Peasant |
| 0:38 | Barracks |
| 0:45 | Peasant |
| 0:55 | Peasant |
| 1:14 | Peasant |
| 1:21 | Farm |
| 1:31 | Peasant |
| 1:42 | Footman |
| 1:54 | Farm |
| 1:58 | Footman |
| 2:01 | Peasant |
| 2:05 | Peasant |
| 2:22 | Summon Water Elemental |
| 3:05 | Footman |
| 3:16 | Footman |
| 4:04 | Keep |
| 4:24 | Blizzard |
| 4:39 | Blacksmith |
| 4:42 | Lumber Mill |
| 4:53 | Scout Tower |
| 4:58 | Scout Tower |
| 5:02 | Farm |
| 5:08 | Footman |
| 5:17 | Footman |
| 5:22 | Farm |
| 5:36 | Arcane Tower |
| 5:43 | Scout Tower |
| 5:53 | Black Gunpowder |
| 5:55 | Rifleman |
| 5:55 | Rifleman |
| 6:01 | Farm |
| 6:35 | Town Hall |
| 6:38 | Arcane Tower |
| 6:40 | Rifleman |
| 7:00 | Peasant |
| 7:09 | Peasant |
| 7:41 | Rifleman |
| 7:44 | Peasant |
| 7:45 | Improved Lumber Harvesting |
| 7:50 | Peasant |
| 7:50 | Peasant |
| 8:00 | Arcane Sanctum |
| 8:41 | Priest |
| 8:41 | Priest |
| 8:43 | Priest |
| 8:44 | Rifleman |
| 8:50 | Farm |
| 10:27 | Brilliance Aura |
| 10:55 | Rifleman |
| 10:55 | Rifleman |
| 10:56 | Long Rifles |
| 10:57 | Refined Gunpowder |
| 10:58 | Priest |
| 10:58 | Priest |
| 11:01 | Priest Adept Training |
| 11:17 | Arcane Vault |
| 11:30 | Rifleman |
| 11:30 | Rifleman |
| 11:58 | Priest |
| 11:58 | Priest |
| 12:17 | Studded Leather Armor |
| 12:18 | Castle |
| 12:20 | Iron Plating |
| 12:45 | Spell Breaker |
| 12:45 | Spell Breaker |
| 12:58 | Flame Strike |
| 13:31 | Rifleman |
| 13:31 | Rifleman |
| 13:32 | Rifleman |
| 13:44 | Gryphon Aviary |
| 14:04 | Rifleman |
| 14:04 | Rifleman |
| 14:11 | Gryphon Aviary |
| 14:16 | Farm |
| 14:17 | Farm |
| 14:17 | Farm |
| 14:48 | Imbued Gunpowder |
| 15:06 | Advanced Lumber Harvesting |
| 15:30 | Storm Hammers |
| 15:52 | Priest Master Training |
| 16:12 | Reinforced Leather Armor |
| 16:27 | Knight |
| 16:28 | Knight |
| 16:28 | Knight |
| 16:30 | Knight |
| 16:34 | Gryphon Rider |
| 16:37 | Gryphon Rider |
| 17:43 | Gryphon Rider |
| 17:43 | Gryphon Rider |
| 17:43 | Gryphon Rider |
| 17:43 | Gryphon Rider |
| 18:38 | Gryphon Rider |
| 18:39 | Gryphon Rider |
| 19:09 | Knight |
| 19:09 | Knight |
| 20:02 | Iron Forged Swords |
| 20:12 | Potion of Healing |
| 20:18 | Priest |
| 20:18 | Priest |
| 20:40 | Dragonhide Armor |
| 20:56 | Animal War Training |
| 21:26 | Siphon Mana |
| 24:17 | Summon Water Elemental |
| 24:35 | Steel Forged Swords |
| 25:06 | Sundering Blades |
| 25:07 | Knight |
| 25:07 | Knight |
| 25:07 | Knight |
| 25:09 | Gryphon Rider |
| 25:09 | Gryphon Rider |
| 25:09 | Gryphon Rider |
| 25:10 | Priest |
| 25:33 | Improved Masonry |
| 27:04 | Keep |
| 27:45 | Peasant |
| 27:45 | Peasant |
| 27:45 | Peasant |
| 27:45 | Peasant |
| 27:46 | Peasant |
| 29:17 | Priest |
| 29:17 | Priest |
| 29:19 | Rifleman |
| 29:19 | Rifleman |
| 29:21 | Keep |
| 31:54 | Town Hall |
| 32:11 | Scout Tower |
| 32:11 | Scout Tower |
| 32:11 | Scout Tower |
| 32:12 | Scout Tower |
| 32:13 | Scout Tower |
| 32:13 | Scout Tower |
| 32:14 | Scout Tower |
| 32:15 | Scout Tower |
| 32:15 | Scout Tower |
| 32:16 | Scout Tower |
| 32:16 | Scout Tower |
| 34:11 | Lumber Mill |
| Right click | 882 |
| Select | 706 |
| Select group | 623 |
| Misc. action | 254 |
| Assign group | 210 |
| Build/train/purchase | 134 |
| Minimap ping | 18 |
| Esc | 17 |
| Use ability | 9 |
| Resource trade | 5 |
| Remove unit | 3 |


| Potion of Healing | 2 | 300 |
| Orb of Lightning | 1 | 375 |
| total: | 3 | 675g |
| Peon | 15 | 1125 | / | 0 |
| Troll Headhunter | 10 | 1400 | / | 200 |
| Shaman | 14 | 1820 | / | 280 |
| Demolisher | 8 | 1760 | / | 400 |
| Tauren | 10 | 2800 | / | 800 |
| Troll Berserker | 4 | 560 | / | 80 |
| total: | 61 | 9465g | / | 1760w |
| Watch Tower | 1 | 110 | / | 80 |
| Altar of Storms | 1 | 180 | / | 50 |
| Orc Burrow | 9 | 1440 | / | 360 |
| War Mill | 5 | 1025 | / | 0 |
| Barracks | 1 | 180 | / | 50 |
| Voodoo Lounge | 1 | 130 | / | 30 |
| Great Hall | 1 | 385 | / | 185 |
| Spirit Lodge | 1 | 150 | / | 150 |
| Tauren Totem | 1 | 135 | / | 155 |
| Stronghold | 1 | 315 | / | 190 |
| Fortress | 1 | 325 | / | 190 |
| total: | 21 | 3735g | / | 1060w |
| 0:15 | Peon |
| 0:15 | Peon |
| 0:16 | Peon |
| 0:33 | Altar of Storms |
| 0:49 | Orc Burrow |
| 1:10 | War Mill |
| 1:17 | Peon |
| 1:18 | Peon |
| 1:37 | Barracks |
| 2:21 | Orc Burrow |
| 2:26 | Peon |
| 2:26 | Peon |
| 2:38 | Troll Headhunter |
| 2:39 | Troll Headhunter |
| 2:52 | War Stomp |
| 3:11 | Troll Headhunter |
| 3:19 | Orc Burrow |
| 3:35 | Steel Ranged Weapons |
| 3:53 | Troll Headhunter |
| 3:54 | Troll Headhunter |
| 4:15 | Stronghold |
| 4:22 | Troll Headhunter |
| 4:59 | Voodoo Lounge |
| 5:25 | Endurance Aura |
| 5:30 | Troll Headhunter |
| 5:31 | Troll Headhunter |
| 7:11 | Endurance Aura |
| 7:21 | Thorium Ranged Weapons |
| 7:32 | Potion of Healing |
| 7:40 | Potion of Healing |
| 7:45 | Troll Regeneration |
| 7:46 | Fortress |
| 7:50 | Orc Burrow |
| 7:55 | Spirit Lodge |
| 9:09 | Healing Wave |
| 9:46 | Great Hall |
| 9:53 | War Mill |
| 9:59 | Shaman Adept Training |
| 9:59 | Shaman |
| 9:59 | Shaman |
| 10:31 | Berserker Upgrade |
| 10:32 | Troll Headhunter |
| 10:32 | Troll Headhunter |
| 10:40 | Tauren Totem |
| 10:43 | Peon |
| 11:02 | Shaman Master Training |
| 12:20 | Arcanite Ranged Weapons |
| 12:21 | Shaman |
| 12:22 | Shaman |
| 13:04 | Peon |
| 13:04 | Peon |
| 13:04 | Peon |
| 13:05 | Peon |
| 13:36 | Hex |
| 13:48 | War Stomp |
| 14:34 | Shaman |
| 14:34 | Shaman |
| 14:36 | Pulverize |
| 14:57 | Burning Oil |
| 14:58 | Demolisher |
| 14:58 | Demolisher |
| 15:07 | War Mill |
| 15:13 | Peon |
| 15:13 | Peon |
| 15:32 | Watch Tower |
| 15:45 | Orc Burrow |
| 15:53 | Orc Burrow |
| 16:02 | Demolisher |
| 16:26 | Steel Armor |
| 19:24 | Healing Wave |
| 20:02 | Tauren |
| 20:02 | Tauren |
| 20:03 | Tauren |
| 20:03 | Tauren |
| 20:03 | Tauren |
| 20:08 | Shaman |
| 20:08 | Shaman |
| 20:08 | Shaman |
| 20:16 | War Mill |
| 20:19 | Orc Burrow |
| 20:21 | Thorium Armor |
| 20:28 | Shaman |
| 20:28 | Shaman |
| 20:33 | Peon |
| 20:38 | Orb of Lightning |
| 21:05 | Tauren |
| 21:06 | Tauren |
| 21:12 | Orc Burrow |
| 21:24 | Orc Burrow |
| 21:47 | Troll Berserker |
| 21:47 | Troll Berserker |
| 21:47 | Troll Berserker |
| 21:47 | Troll Berserker |
| 22:35 | Tauren |
| 24:19 | Arcanite Armor |
| 24:20 | Steel Melee Weapons |
| 25:30 | Endurance Aura |
| 26:35 | Shaman |
| 26:35 | Shaman |
| 26:54 | Shaman |
| 26:56 | Tauren |
| 26:57 | Tauren |
| 26:59 | Demolisher |
| 26:59 | Demolisher |
| 27:00 | Demolisher |
| 27:43 | War Mill |
| 28:00 | Hex |
| 28:22 | Demolisher |
| 28:22 | Demolisher |
| Right click | 1407 |
| Select | 406 |
| Build/train/purchase | 108 |
| Select group | 106 |
| Assign group | 26 |
| Misc. action | 24 |
| Use ability | 9 |
| Resource trade | 9 |
| Remove unit | 2 |
| Item give/drop | 1 |

| Circlet of Nobility | 1 | 175 |
| Periapt of Vitality | 1 | 325 |
| total: | 2 | 500g |
| Acolyte | 16 | 1200 | / | 0 |
| Ghoul | 23 | 2760 | / | 0 |
| Necromancer | 8 | 1160 | / | 160 |
| Banshee | 6 | 930 | / | 180 |
| Crypt Fiend | 12 | 2580 | / | 480 |
| Obsidian Statue | 1 | 200 | / | 35 |
| Meat Wagon | 6 | 1380 | / | 300 |
| Abomination | 5 | 1200 | / | 350 |
| Gargoyle | 3 | 525 | / | 90 |
| Forest Troll Berserker | 1 | 245 | / | 30 |
| total: | 81 | 12180g | / | 1625w |
| Nerubian Tower | 4 | 400 | / | 80 |
| Spirit Tower | 4 | 580 | / | 160 |
| Altar of Darkness | 2 | 360 | / | 100 |
| Ziggurat | 12 | 1800 | / | 600 |
| Crypt | 3 | 600 | / | 150 |
| Graveyard | 1 | 215 | / | 0 |
| Tomb of Relics | 1 | 130 | / | 30 |
| Temple of the Damned | 1 | 155 | / | 140 |
| Slaughterhouse | 1 | 140 | / | 135 |
| Sacrificial Pit | 1 | 75 | / | 150 |
| Boneyard | 1 | 175 | / | 200 |
| Halls of the Dead | 1 | 320 | / | 210 |
| Black Citadel | 1 | 325 | / | 230 |
| total: | 23 | 3650g | / | 1505w |
| 0:11 | Altar of Darkness |
| 0:14 | Altar of Darkness |
| 0:16 | Ziggurat |
| 0:18 | Acolyte |
| 0:26 | Crypt |
| 0:42 | Acolyte |
| 1:28 | Ghoul |
| 1:29 | Nerubian Tower |
| 1:39 | Graveyard |
| 1:47 | Ghoul |
| 2:01 | Ghoul |
| 2:09 | Ghoul |
| 2:17 | Ziggurat |
| 2:21 | Sleep |
| 2:53 | Cannibalize |
| 2:53 | Ghoul |
| 3:11 | Ghoul |
| 3:11 | Ghoul |
| 3:17 | Unholy Strength |
| 3:38 | Crypt |
| 3:42 | Halls of the Dead |
| 3:56 | Ghoul |
| 4:15 | Unholy Armor |
| 4:17 | Ghoul |
| 4:35 | Ghoul |
| 4:44 | Ziggurat |
| 4:50 | Vampiric Aura |
| 5:02 | Ghoul |
| 5:20 | Ziggurat |
| 5:40 | Nerubian Tower |
| 6:21 | Temple of the Damned |
| 6:40 | Tomb of Relics |
| 6:47 | Vampiric Aura |
| 6:49 | Circlet of Nobility |
| 6:57 | Periapt of Vitality |
| 7:12 | Improved Unholy Strength |
| 7:31 | Necromancer |
| 7:32 | Banshee |
| 8:00 | Skeletal Mastery |
| 8:57 | Necromancer |
| 8:58 | Banshee |
| 9:01 | Crypt Fiend |
| 9:27 | Forest Troll Berserker |
| 9:35 | Carrion Swarm |
| 10:14 | Ghoul |
| 10:14 | Ghoul |
| 10:39 | Acolyte |
| 10:39 | Acolyte |
| 10:39 | Acolyte |
| 10:55 | Necromancer Adept Training |
| 10:56 | Banshee Adept Training |
| 10:57 | Ghoul |
| 11:21 | Ziggurat |
| 12:05 | Slaughterhouse |
| 12:41 | Ghoul |
| 12:52 | Improved Unholy Armor |
| 13:06 | Acolyte |
| 13:06 | Acolyte |
| 13:10 | Obsidian Statue |
| 13:11 | Meat Wagon |
| 13:11 | Exhume Corpses |
| 13:28 | Ziggurat |
| 13:29 | Ziggurat |
| 13:29 | Ziggurat |
| 14:21 | Meat Wagon |
| 14:22 | Meat Wagon |
| 14:30 | Spirit Tower |
| 15:27 | Necromancer |
| 15:28 | Necromancer |
| 15:29 | Meat Wagon |
| 15:49 | Vampiric Aura |
| 16:06 | Black Citadel |
| 16:11 | Spirit Tower |
| 16:24 | Necromancer |
| 16:34 | Spirit Tower |
| 16:54 | Nerubian Tower |
| 17:00 | Spirit Tower |
| 18:17 | Ghoul |
| 18:17 | Ghoul |
| 18:19 | Necromancer |
| 18:53 | Abomination |
| 18:55 | Advanced Unholy Armor |
| 18:58 | Disease Cloud |
| 19:12 | Banshee |
| 19:12 | Banshee |
| 19:14 | Crypt Fiend |
| 19:47 | Web |
| 19:47 | Crypt Fiend |
| 19:53 | Acolyte |
| 20:28 | Ghoul |
| 20:28 | Ghoul |
| 20:45 | Sacrificial Pit |
| 21:08 | Crypt Fiend |
| 21:09 | Crypt Fiend |
| 21:57 | Crypt Fiend |
| 21:59 | Abomination |
| 22:27 | Ziggurat |
| 22:54 | Boneyard |
| 24:26 | Crypt Fiend |
| 24:26 | Ghoul |
| 24:27 | Necromancer |
| 24:29 | Abomination |
| 24:30 | Banshee |
| 24:57 | Ziggurat |
| 24:58 | Ziggurat |
| 24:58 | Ziggurat |
| 26:39 | Crypt Fiend |
| 26:40 | Crypt Fiend |
| 26:43 | Abomination |
| 26:46 | Gargoyle |
| 26:46 | Gargoyle |
| 26:56 | Nerubian Tower |
| 27:02 | Crypt |
| 27:58 | Creature Attack |
| 28:00 | Crypt Fiend |
| 28:02 | Gargoyle |
| 28:48 | Acolyte |
| 28:48 | Acolyte |
| 28:49 | Acolyte |
| 29:15 | Inferno |
| 29:32 | Meat Wagon |
| 29:33 | Meat Wagon |
| 29:34 | Banshee |
| 29:35 | Crypt Fiend |
| 29:53 | Improved Creature Attack |
| 30:07 | Acolyte |
| 33:07 | Ghoul Frenzy |
| 33:07 | Ghoul |
| 33:08 | Ghoul |
| 33:12 | Necromancer |
| 33:28 | Crypt Fiend |
| 33:32 | Ghoul |
| 33:39 | Abomination |
| 33:45 | Advanced Creature Attack |
| 34:09 | Acolyte |
| 34:09 | Acolyte |
| 34:10 | Acolyte |
| 34:10 | Acolyte |
| Right click | 1187 |
| Select | 1043 |
| Misc. action | 561 |
| Select group | 373 |
| Build/train/purchase | 132 |
| Assign group | 43 |
| Use ability | 23 |
| Remove unit | 17 |
| Minimap ping | 6 |
| Resource trade | 6 |
| Esc | 1 |